 Dungeon Crawl Stone Soup version 0.22.1-1-ga44c0e5 (webtiles) character file.

9532 buskinjo2 the Carver (level 11, -2/66 HPs)
             Began as an Octopode Chaos Knight on Sept 30, 2018.
             Slain by a red devil
             ... wielding a +0 demon trident
              (23 damage)
             ... on level 10 of the Dungeon.
             The game lasted 01:07:26 (15025 turns).

buskinjo2 the Carver (Octopode Chaos Knight)       Turns: 15025, Time: 01:07:28

Health: -2/66      AC:  1    Str: 11    XL:     11   Next: 48%
Magic:  13/13      EV: 16    Int: 10    God:    Xom [*.....]
Gold:   349        SH:  4    Dex: 10    Spells: 8/10 levels left

rFire    + . .     SeeInvis +   F - +1 scimitar (flame)
rCold    + . .     Gourm    .   (no shield)
rNeg     + . .     Faith    .   (helmet restricted)
rPois    +         Spirit   .   g - amulet "Zieratwu" {Acrobat rElec rPois Int-4 SInv}
rElec    +         Reflect  .   s - ring of positive energy
rCorr    .         Harm     .   h - ring of protection from fire
MR       .....                  k - ring "Qiruz" {+Inv rC+ Slay+5}
Stlth    ++++++....             (no ring)
HPRegen  0.21/turn              (no ring)
MPRegen  0.13/turn              (no ring)
                                (no ring)
                                (no ring)

@: lethally poisoned (-2 -> -11)
A: almost no armour, stealthy swim, amphibious, 8 rings, constrict 8, large bone
plates 1, camouflage 2, clumsy 2, frail 1, screaming 1, weak 1, gelatinous body
1
a: Renounce Religion, Evoke Invisibility


You were on level 10 of the Dungeon.
You worshipped Xom.
You were a special plaything of Xom.
You were not hungry.

You visited 1 branch of the dungeon, and saw 10 of its levels.
You also visited: Ossuary.

You collected 475 gold pieces.
You spent 126 gold pieces at shops.

Inventory:

Hand Weapons
 F - a +1 scimitar of flaming (weapon)
Missiles
 c - 250 stones (quivered)
Armour
 o - a +0 buckler
Jewellery
 g - the amulet "Zieratwu" (around mantle) {Acrobat rElec rPois Int-4 SInv}
   (You took it off a big kobold on level 9 of the Dungeon)

   [amulet of the acrobat]

   It helps you evade while moving and waiting.
   It affects your intelligence (-4).
   It insulates you from electricity.
   It protects you from poison.
   It lets you see invisible.
 h - a ring of protection from fire (right tentacle)
 k - the ring "Qiruz" (on tentacle) {+Inv rC+ Slay+5}
   (You found it on level 9 of the Dungeon)

   [ring of protection from cold]

   It affects your accuracy and damage with ranged weapons and melee attacks
   (+5).
   It protects you from cold.
   It lets you turn invisible.
 p - an uncursed ring of fire
 s - a ring of positive energy (left tentacle)
Wands
 a - a wand of iceblast (7)
 e - a wand of flame (21)
 m - a wand of digging (14)
 y - a wand of polymorph (28)
Scrolls
 i - 4 scrolls of fog
 j - a scroll of identify
 l - a scroll of teleportation
 q - 2 scrolls of amnesia
 r - 6 scrolls of remove curse
 x - a scroll of fear
Potions
 d - a potion of haste
 f - 3 potions of flight
 t - 3 potions of cancellation
 v - 2 potions of ambrosia
 w - a potion of brilliance
 B - a potion of invisibility
 D - a potion of magic
Comestibles
 b - 10 rations


   Skills:
 - Level 6.9 Fighting
 - Level 14.0 Long Blades
 + Level 8.0 Dodging
 - Level 8.8 Stealth
 * Level 3.5 Evocations


You had 8 spell levels left.
You knew the following spells:

 Your Spells              Type           Power        Failure   Level  Hunger
a - Blink                 Tloc           N/A          50%         2    ###....

Your spell library contained the following spells:

 Spells                   Type           Power        Failure   Level  Hunger
 Animate Skeleton         Necr           N/A          36%         1    ##.....
 Magic Dart               Conj           #...         36%         1    ##.....
 Pain                     Necr           #...         36%         1    ##.....
 Call Imp                 Summ           #.......     50%         2    ###....
 Poisonous Vapours        Pois/Air       #.....       50%         2    ###....
 Slow                     Hex            #.......     50%         2    ###....
 Conjure Flame            Conj/Fire      #.......     75%         3    ####...
 Mephitic Cloud           Conj/Pois/Air  #.......     75%         3    ####...
 Regeneration             Chrm/Necr      #.........   75%         3    ####...
 Vampiric Draining        Necr           #.........   75%         3    ####...
 Animate Dead             Necr           N/A          98%         4    #####..
 Freezing Cloud           Conj/Ice/Air   #.........   100%        6    #######
 Ring of Flames           Chrm/Fire      #.........   100%        7    #######


Dungeon Overview and Level Annotations

Branches:
Dungeon (10/15)            Temple (0/1) D:7            Lair (0/6) D:8
    Orc (0/2) D:9

Altars:
Cheibriados
Dithmenos
Elyvilon
Gozag
Makhleb
Okawaru
Qazlal
Ru
Sif Muna
Wu Jian
Xom
Yredelemnul
Zin

Shops:
D:4 ?

Annotations:
D:3 Asgaroth's ghost, amateur MiFi


Innate Abilities, Weirdness & Mutations

You cannot wear most types of armour.
You are very stealthy in the water. (Stealth+)
You are amphibious.
You can wear up to eight rings at the same time.
You can use your tentacles to constrict eight enemies at once.
Your skin blends seamlessly with your surroundings (Stealth++).
Your rubbery body absorbs attacks. (AC +1, EV +1)
You are partially covered in large bone plates. (SH +4)
You are very clumsy. (Dex -4)
You are frail. (-10% HP)
You occasionally shout uncontrollably at your foes.
You are weak. (Str -2)


Message History

You are poisoned.
The orange demon poisons you! The orange demon closely misses you.
You slice the orange demon!! You burn the orange demon.
You kill the orange demon!
Your Dodging skill increases to level 8!
You feel sick.
The red devil hits you from afar with a demon trident!
A shower of butterflies erupts from you!
You swap places.
You feel sick. The red devil completely misses you.
You slash the red devil! Your grab misses the red devil.
The red devil is moderately wounded.
You feel sick.
You miss the red devil. You grab the red devil. You squeeze the red devil.
The red devil is heavily wounded.
You constrict the red devil, but do no damage.
You lose your grip on the red devil.
The red devil hops backward while attacking.
The red devil hits you from afar with a demon trident!!
You die...
Xom snickers!

. ≈≈ .. #### ≈#
...## ##..##..+
......#......≈##
......#......≈≈≈
........<.......
######b####...##
#######.######..##
.....b.bb@.4......
##...b####....###
##..# ##..## ....
..b.. .... ...4...
.## ..##..# (.. ##
.... ###.


You could see 2 red devils.

Vanquished Creatures
  Erica (D:8)
  A two-headed ogre (D:9)
  An orange demon (D:10)
  A black mamba (D:9)
  Grinder (D:6)
  A hippogriff (D:9)
  Sigmund (D:2)
  A wyvern (D:8)
  4 yaks (D:9)
  Eustachio (D:4)
  2 hungry ghosts
  Menkaure (D:4)
  A water moccasin (D:7)
  Duvessa (D:6)
  3 ice beasts
  2 orc warriors
  A sky beast (D:9)
  2 phantoms (D:9)
  3 ogres
  A boggart (D:5)
  3 centaurs
  A crocodile (D:7)
  A big kobold (D:9)
  2 elf zombies (Ossuary)
  4 bullfrogs
  Dowan (D:6)
  2 scorpions (D:8)
  4 killer bees (D:9)
  7 wights
  A crimson imp (D:4)
  A quasit (D:7)
  5 jellies
  3 hounds
  A human zombie (Ossuary)
  A centaur skeleton (D:9)
  8 orc priests
  2 bullfrog skeletons
  A gnoll shaman (D:4)
  2 iguanas
  6 orc wizards
  Terence (D:2)
  7 worker ants
  A big kobold zombie (Ossuary)
  2 hound zombies
  2 hound skeletons (D:9)
  3 mummies (Ossuary)
  Robin (D:4)
  A worker ant zombie (D:3)
  16 adders
  3 gnolls (D:4)
  A shadow imp (D:8)
  6 adder zombies (Ossuary)
  2 adder skeletons
  5 worms
  A dart slug (D:3)
  A leopard gecko (shapeshifter) (D:3)
  3 leopard geckos
  40 orcs
  5 bats
  9 giant cockroaches
  4 gnoll zombies (Ossuary)
  13 goblins
  8 hobgoblins
  3 jackals (D:2)
  3 kobolds (D:1)
  2 quokkas
  4 ball pythons
  4 frilled lizards
  2 goblin zombies (Ossuary)
  4 hobgoblin zombies (Ossuary)
  4 jackal zombies (Ossuary)
  3 kobold zombies (Ossuary)
  2 leopard gecko skeletons
  A leopard gecko zombie (D:3)
  2 orc zombies (Ossuary)
  2 quokka zombies (Ossuary)
  3 rats
  2 rat zombies (Ossuary)
262 creatures vanquished.

Vanquished Creatures (collateral kills)
  A guardian serpent (D:9)
  A phantom (D:2)
2 creatures vanquished.

Vanquished Creatures (others)
  A worker ant (D:7)
  A gnoll zombie (Ossuary)
2 creatures vanquished.

Grand Total: 266 creatures vanquished

Notes
Turn   | Place    | Note
-------+----------+-------------------------------------------
     0 | D:1      | buskinjo2 the Octopode Chaos Knight began the quest for the
                  | Orb.
     0 | D:1      | Reached XP level 1. HP: 16/16 MP: 1/1
   142 | D:1      | Reached XP level 2. HP: 21/21 MP: 2/2
   389 | D:1      | XOM: harmless Necr miscast
   463 | D:1      | XOM is BORED!
   463 | D:1      | XOM: harmless Ice miscast
   516 | D:1      | XOM: god gift: smoky red potion {god gift}
   627 | D:2      | Reached skill level 4 in Long Blades
   756 | D:2      | Noticed Sigmund
   760 | D:2      | Reached XP level 3. HP: 26/26 MP: 3/3
   765 | D:2      | XOM: potion effect (agility)
   779 | D:2      | Killed Sigmund
   779 | D:2      | Reached skill level 6 in Long Blades
   779 | D:2      | Reached XP level 4. HP: 11/31 MP: 4/4
   779 | D:2      | Reached XP level 5. HP: 13/36 MP: 5/5
  1016 | D:2      | XOM: mild Summ miscast
  1064 | D:2      | Noticed a phantom
  1131 | D:2      | XOM: harmless Necr miscast
  1161 | D:2      | XOM: summons friendly white imp
  1166 | D:2      | XOM: divination: detect items
  1173 | D:2      | XOM: summons 2 friendly demons
  1188 | D:2      | Killed a phantom
  1188 | D:2      | Reached XP level 6. HP: 21/42 MP: 6/6
  1297 | D:2      | XOM: cloud trail
  1350 | D:2      | Found a shadowy altar of Dithmenos.
  1361 | D:2      | XOM: god gift: 16 stones
  1369 | D:2      | Noticed Terence
  1376 | D:2      | Killed Terence
  1788 | D:3      | XOM: mild Tmut miscast
  1886 | D:3      | Learned a level 2 spell: Blink
  1903 | D:3      | Reached skill level 7 in Long Blades
  1997 | D:3      | Found a transporter.
  2103 | D:3      | Found a transporter.
  2103 | D:3      | Noticed Asgaroth's ghost (amateur MiFi)
  2284 | D:3      | Reached XP level 7. HP: 25/46 MP: 7/7
  2487 | D:3      | XOM: mild Air miscast
  2768 | D:3      | XOM: harmless Fire miscast
  2808 | D:3      | XOM: potion effect (berserk rage)
  3418 | D:4      | Noticed Robin
  3488 | D:3      | XOM: harmless Tloc miscast
  3739 | D:3      | XOM: divination: magic mapping
  3777 | D:4      | Killed Robin
  4110 | D:3      | XOM: harmless Tmut miscast
  4116 | D:4      | XOM: silly message
  4192 | D:4      | Noticed Menkaure
  4368 | D:4      | XOM: mild Conj miscast
  4550 | D:4      | Reached skill level 8 in Long Blades
  4588 | D:4      | XOM: harmless Tloc miscast
  4605 | D:4      | Found Lilloeg's Magic Scroll Boutique.
  4613 | D:4      | Bought a scroll of blinking for 82 gold pieces
  4613 | D:4      | Bought a scroll of identify for 22 gold pieces
  4613 | D:4      | Bought a scroll of identify for 22 gold pieces
  4785 | D:4      | Reached skill level 1 in Evocations
  4785 | D:4      | Reached XP level 8. HP: 53/53 MP: 8/8
  4822 | D:4      | Noticed Eustachio
  4860 | D:4      | Found a sacrificial altar of Ru.
  5278 | D:4      | XOM: confusion
  5280 | D:4      | Killed Menkaure
  5564 | D:4      | Killed Eustachio
  5564 | D:4      | Reached skill level 9 in Long Blades
  5797 | D:3      | XOM: noise
  6143 | D:3      | XOM: potion effect (curing)
  6155 | D:3      | XOM: potion effect (invisibility)
  6378 | D:5      | Entered Level 5 of the Dungeon
  6395 | D:5      | Reached skill level 1 in Stealth
  6536 | D:5      | XOM: harmless Summ miscast
  6874 | D:5      | Found a snail-covered altar of Cheibriados.
  6876 | D:5      | Found a glowing silver altar of Zin.
  6876 | D:5      | Found a deep blue altar of Sif Muna.
  6876 | D:5      | Found a burning altar of Makhleb.
  6981 | D:5      | Found a stormy altar of Qazlal.
  6981 | D:5      | Found an opulent altar of Gozag.
  6981 | D:5      | Found a white marble altar of Elyvilon.
  6981 | D:5      | Found an iron altar of Okawaru.
  7169 | D:5      | XOM: potion effect (experience)
  7169 | D:5      | Reached skill level 11 in Long Blades
  7169 | D:5      | Reached XP level 9. HP: 63/63 MP: 11/11
  7184 | D:5      | XOM: potion effect (might)
  7188 | D:5      | Reached skill level 12 in Long Blades
  7607 | D:6      | Found a sand-covered staircase.
  7614 | Ossuary  | Entered an ossuary
  7982 | Ossuary  | XOM: scenery: create altars
  8249 | Ossuary  | XOM: give mutations
  8249 | Ossuary  | Gained mutation: Your body sometimes deteriorates upon
                  | taking damage. [Xom's mischief]
  8249 | Ossuary  | Gained mutation: Your body often deteriorates upon taking
                  | damage. [Xom's mischief]
  8249 | Ossuary  | Lost mutation: Your body often deteriorates upon taking
                  | damage. [Xom's mischief]
  8473 | D:6      | XOM: god gift: 19 stones
  8503 | D:6      | Reached XP level 10. HP: 54/69 MP: 12/12
  8543 | D:6      | Noticed Dowan
  8546 | D:6      | Noticed Duvessa
  8551 | D:6      | Killed Dowan
  8567 | D:6      | Killed Duvessa
  9022 | D:6      | XOM: harmless Conj miscast
  9249 | D:6      | Noticed Grinder
  9258 | D:6      | Killed Grinder
  9316 | D:6      | XOM: give mutations
  9316 | D:6      | Gained mutation: You are clumsy. (Dex -2) [Xom's mischief]
  9316 | D:6      | Gained mutation: You tend to lose your temper in combat.
                  | [Xom's mischief]
  9316 | D:6      | Gained mutation: You are dopey. (Int -2) [Xom's mischief]
  9316 | D:6      | Gained mutation: You are weak. (Str -2) [Xom's mischief]
  9317 | D:6      | Lost mutation: You are dopey. (Int -2) [potion of mutation]
  9317 | D:6      | Lost mutation: Your body sometimes deteriorates upon taking
                  | damage. [potion of mutation]
  9317 | D:6      | Lost mutation: You are weak. (Str -2) [potion of mutation]
  9317 | D:6      | Gained mutation: Your spells are a little harder to cast,
                  | but a little more powerful. [potion of mutation]
  9317 | D:6      | Gained mutation: You can translocate small distances at
                  | will. [potion of mutation]
  9317 | D:6      | Gained mutation: Your flesh is heat resistant. (rF+)
                  | [potion of mutation]
  9318 | D:6      | Lost mutation: Your spells are a little harder to cast, but
                  | a little more powerful. [potion of mutation]
  9318 | D:6      | Lost mutation: You tend to lose your temper in combat.
                  | [potion of mutation]
  9318 | D:6      | Lost mutation: You are clumsy. (Dex -2) [potion of
                  | mutation]
  9318 | D:6      | Lost mutation: Your flesh is heat resistant. (rF+) [potion
                  | of mutation]
  9318 | D:6      | Gained mutation: Your body sometimes deteriorates upon
                  | taking damage. [potion of mutation]
  9318 | D:6      | Gained mutation: You are clumsy. (Dex -2) [potion of
                  | mutation]
  9318 | D:6      | Gained mutation: You are partially covered in icy blue
                  | scales. (AC +2) [potion of mutation]
  9319 | D:6      | Lost mutation: You are partially covered in icy blue
                  | scales. (AC +2) [potion of mutation]
  9319 | D:6      | Lost mutation: You are clumsy. (Dex -2) [potion of
                  | mutation]
  9319 | D:6      | Lost mutation: You can translocate small distances at will.
                  | [potion of mutation]
  9319 | D:6      | Gained mutation: You expend magic power (3 MP) to
                  | strengthen your wands. [potion of mutation]
  9319 | D:6      | Gained mutation: You are partially covered in large bone
                  | plates. (SH +4) [potion of mutation]
  9319 | D:6      | Gained mutation: Your skin blends seamlessly with your
                  | surroundings (Stealth++). [potion of mutation]
  9320 | D:6      | Lost mutation: You expend magic power (3 MP) to strengthen
                  | your wands. [potion of mutation]
  9320 | D:6      | Lost mutation: Your body sometimes deteriorates upon taking
                  | damage. [potion of mutation]
  9320 | D:6      | Gained mutation: You are clumsy. (Dex -2) [potion of
                  | mutation]
  9320 | D:6      | Gained mutation: You are mostly covered in large bone
                  | plates. (SH +6) [potion of mutation]
  9402 | D:7      | XOM: 2-stop teleportation journey
  9558 | D:7      | Found a staircase to the Ecumenical Temple.
  9564 | D:7      | XOM: give mutations
  9564 | D:7      | Gained mutation: You are very clumsy. (Dex -4) [Xom's
                  | mischief]
  9564 | D:7      | Gained mutation: You are dopey. (Int -2) [Xom's mischief]
  9564 | D:7      | Gained mutation: You occasionally shout uncontrollably at
                  | your foes. [Xom's mischief]
  9715 | D:7      | XOM: harmless Chrm miscast
 10089 | D:7      | XOM: 6-stop teleportation journey
 10311 | D:7      | XOM: butterfly on damage
 10869 | D:7      | XOM: scenery: create altars
 10960 | D:8      | XOM: noise
 11043 | D:8      | Found a staircase to the Lair.
 11053 | D:8      | XOM: destruction
 11547 | D:8      | XOM: harmless Ice miscast
 11872 | D:8      | XOM: harmless Hex miscast
 11896 | D:8      | Noticed Erica
 11901 | D:8      | XOM: silly message
 11902 | D:8      | Killed Erica
 11902 | D:8      | Reached skill level 13 in Long Blades
 12094 | D:8      | XOM: medium Summ miscast
 12587 | D:8      | Found an ornate altar of the Wu Jian Council.
 12587 | D:8      | Found a shimmering altar of Xom.
 12696 | D:8      | XOM: silly message
 12705 | D:8      | XOM: mild Tmut miscast
 12797 | D:9      | Found a staircase to the Orcish Mines.
 12819 | D:9      | XOM: smoke on damage
 12877 | D:9      | XOM: harmless Conj miscast
 12899 | D:9      | Noticed a two-headed ogre
 12901 | D:9      | XOM: stat loss: -1 Str (12/13)
 12903 | D:9      | Killed a two-headed ogre
 12903 | D:9      | Reached XP level 11. HP: 66/74 MP: 13/13
 12913 | D:9      | XOM: medium Erth miscast
 13028 | D:9      | Lost mutation: You are mostly covered in large bone plates.
                  | (SH +6) [potion of mutation]
 13028 | D:9      | Lost mutation: You are dopey. (Int -2) [potion of mutation]
 13028 | D:9      | Gained mutation: You are weak. (Str -2) [potion of
                  | mutation]
 13028 | D:9      | Gained mutation: Your spells are a little harder to cast,
                  | but a little more powerful. [potion of mutation]
 13168 | D:9      | XOM: chaos cloud
 13174 | D:9      | XOM: harmless Hex miscast
 13177 | D:9      | XOM: swap monsters
 13191 | D:9      | XOM: 1-stop teleportation journey
 13197 | D:9      | Found a basalt altar of Yredelemnul.
 13228 | D:9      | XOM: medium Tmut miscast
 13238 | D:9      | Gained mutation: You are frail. (-10% HP) [mutagenic glow]
 13303 | D:9      | XOM: blink monster(s)
 13510 | D:9      | XOM: confusion
 13757 | D:9      | XOM: give mutation
 13757 | D:9      | Lost mutation: Your spells are a little harder to cast, but
                  | a little more powerful. [Xom's mischief]
 13792 | D:9      | XOM: 2-stop teleportation journey
 13932 | D:9      | XOM: summons 3 friendly demons
 13940 | D:9      | HP: 1/66 [guardian serpent (15)]
 14016 | D:9      | XOM: 2-stop teleportation journey
 14019 | D:9      | XOM: divination: detect items
 14048 | D:9      | Got a brightly glowing amethyst amulet
 14078 | D:9      | XOM: polymorph tengu conjurer -> black mamba
 14091 | D:9      | Got a transparent emerald amulet
 14185 | D:9      | XOM: swap monsters
 14438 | D:9      | Identified the amulet "Zieratwu" {Acrobat rElec rPois Int-4
                  | SInv} (You took it off a big kobold on level 9 of the
                  | Dungeon)
 14440 | D:9      | Identified the amulet of Cogep {*Slow +Rage rPois rN+} (You
                  | found it on level 9 of the Dungeon)
 14521 | D:9      | XOM: smoke on damage
 14522 | D:9      | Reached skill level 14 in Long Blades
 14714 | D:9      | XOM: scenery: 1 doors close
 14939 | D:9      | Got an ancient bone ring
 14942 | D:9      | Got a slimy tin ring
 14952 | D:9      | XOM: harmless Chrm miscast
 14953 | D:9      | Identified the ring of Lirpheo {+Fly rC- Int+7 Dex+3
                  | Slay-2} (You found it on level 9 of the Dungeon)
 14958 | D:9      | Identified the ring "Qiruz" {+Inv rC+ Slay+5} (You found it
                  | on level 9 of the Dungeon)
 14998 | D:10     | Entered Level 10 of the Dungeon
 15022 | D:10     | XOM: butterfly on damage
 15025 | D:10     | Slain by a red devil

Skill      XL: |  1  2  3  4  5  6  7  8  9 10 11 |
---------------+----------------------------------+-----
Long Blades    | 4 6 7 8 11 12 13 14 | 14.0
Dodging        | 3 6 7 8 |  8.0
Evocations     | 1 3 |  3.5
Stealth        | 7 8 |  8.8
Fighting       | 6 |  6.9

Action                   |  1- 3 |  4- 6 |  7- 9 | 10-12 || total
-------------------------+-------+-------+-------+-------++-------
Melee: Falchion          |    37 |    84 |   327 |   149 ||   597
       Tentacles         |     9 |    17 |    69 |    66 ||   161
       Constrict         |     9 |    20 |    80 |    52 ||   161
       Scimitar          |       |       |       |   209 ||   209
Throw: Stone             |     1 |       |    21 |     4 ||    26
Evoke: Wand              |       |       |     8 |    15 ||    23
  Use: Scroll            |     2 |     1 |    15 |     7 ||    25
       Potion            |     2 |     1 |     4 |    13 ||    20
 Stab: Sleeping          |     5 |     7 |    12 |    12 ||    36
       Confused          |       |     1 |     1 |     2 ||     4
       Paralysed         |       |       |     4 |     2 ||     6
       Distracted        |       |       |     1 |       ||     1
       Petrifying        |       |       |     5 |       ||     5
  Eat: Chunk             |       |     4 |     8 |    13 ||    25
       Ration            |       |       |     3 |     3 ||     6
Armor: Skin              |       |     9 |    11 |     4 ||    24
Dodge: Dodged            |    19 |    44 |   158 |   172 ||   393
Block: Other             |       |       |       |    49 ||    49
       Rpst.: Falchion   |     4 |    16 |    44 |    11 ||    75
       Scimitar          |       |       |       |    37 ||    37
